 Dungeon Crawl Stone Soup version 0.19-a0-1803-g97ff39f (webtiles) character file.

5630 Naow the Severer (level 10, -4/117 HPs)
             Began as a Minotaur Berserker on Oct 5, 2016.
             Was a High Priest of Trog.
             Slain by a slime creature (11 damage)
             ... on level 9 of the Dungeon.
             The game lasted 00:18:41 (9160 turns).

Naow the Severer (Minotaur Berserker)               Turns: 9160, Time: 00:18:42

Health: -4/117     AC:  7    Str: 26    XL:     10   Next: 46%
Magic:  9/9        EV: 11    Int: 16    God:    Trog [*****.]
Gold:   276        SH:  3    Dex: 14    Spells: 0 memorised, 9 levels left

rFire  + + .     SeeInvis .     t - +1 hand axe (elec)
rCold  . . .     Gourm    .     d - +0 leather armour "Mojes" {rF+ rN+ rCorr Int+3} (curse)
rNeg   + . .     Faith    .     H - +0 buckler "Koosolul" {rF+ Dex+3}
rPois  .         Spirit   .     (helmet restricted)
rElec  .         Dismiss  .     B - +2 cloak {MR+}
rCorr  +         Reflect  .     h - +0 pair of gloves
MR     +....     Harm     .     (no boots)
Stlth  ..........               (no amulet)
                                (no ring)
                                e - +6 ring of intelligence

@: berserking, very quick
A: retaliatory headbutt, horns 2
a: Berserk, Trog's Hand, Brothers in Arms, Burn Spellbooks, Renounce Religion


You were on level 9 of the Dungeon.
You worshipped Trog.
Trog was extremely pleased with you.
You were not hungry.

You visited 2 branches of the dungeon, and saw 10 of its levels.

You collected 393 gold pieces.
You spent 117 gold pieces at shops.

Inventory:

Hand Weapons
 a - a +0 hand axe
 t - a +1 hand axe of electrocution (weapon)
Armour
 b - a +0 animal skin
 d - the cursed +0 leather armour "Mojes" (worn) {rF+ rN+ rCorr Int+3}
   (You found it on level 4 of the Dungeon)

   It affects your intelligence (+3).
   It protects you from fire.
   It protects you from negative energy.
   It protects you from acid and corrosion.
   It has a curse placed upon it.
 h - a +0 pair of gloves (worn)
 B - a +2 cloak of magic resistance (worn)
 H - the +0 buckler "Koosolul" (worn) {rF+ Dex+3}
   (You found it on level 6 of the Dungeon)

   It affects your dexterity (+3).
   It protects you from fire.
Rods
 P - a +0 iron rod (14/14)
   (You found it on level 8 of the Dungeon)
Jewellery
 e - a +6 ring of intelligence (left hand)
 m - a +3 ring of evasion {unknown}
 x - a cursed ring of teleportation {unknown}
 y - an uncursed amulet of harm {unknown}
 E - an uncursed ring of stealth {unknown}
 N - an uncursed amulet of faith {unknown}
Wands
 v - a wand of slowing (38/48)
 J - a wand of disintegration (13/24)
 K - a wand of iceblast (5/15)
 R - a wand of slowing (21/48)
Scrolls
 f - 9 scrolls of identify {unknown}
 g - 2 scrolls of immolation {unknown}
 i - 3 scrolls of fear {unknown}
 k - 8 scrolls of remove curse {unknown}
 l - 2 scrolls of enchant armour {unknown}
 p - a scroll of recharging {unknown}
 q - a scroll of random uselessness {unknown}
 r - a scroll of fog {unknown}
 s - a scroll of enchant weapon {unknown}
 u - 3 scrolls of teleportation {unknown}
 C - a scroll of blinking {unknown}
 F - 2 scrolls of amnesia {unknown}
Potions
 n - 2 potions of degeneration {unknown}
 o - 2 potions of cure mutation {unknown}
 z - a potion of brilliance {unknown}
 A - 2 potions of heal wounds {unknown}
 G - 2 potions of agility {unknown}
 I - a potion of cancellation {unknown}
 L - a potion of lignification {unknown}
 M - a potion of curing {unknown}
 S - 2 potions of resistance {unknown}
Comestibles
 c - 7 bread rations
 j - 8 meat rations
 w - a royal jelly
 D - a slice of pizza
 O - 3 chunks of flesh


   Skills:
 - Level 3.9 Fighting
 + Level 17.5 Axes
 - Level 2.6 Armour
 - Level 2.1 Dodging


You had 9 spell levels left.
You didn't know any spells.

Dungeon Overview and Level Annotations

Branches:
Dungeon (9/15)             Temple (1/1) D:6            Lair (0/6) D:8
    Orc: D:9-12

Altars:
Nemelex Xobeh
Xom
Yredelemnul

Shops:
D:5 [


Innate Abilities, Weirdness & Mutations

You reflexively headbutt those who attack you in melee.
You have a pair of horns on your head.


Message History

* * * LOW HITPOINT WARNING * * *
You are too injured to fight recklessly!
A red film seems to cover your vision as you go berserk!
You feel yourself moving faster!
You feel mighty!
You feel somewhat more hungry. The slime creature hits you!
* * * LOW HITPOINT WARNING * * *
The slime creature hits you!
* * * LOW HITPOINT WARNING * * *
The slime creature misses you. You furiously retaliate!
You headbutt the slime creature!
You are too injured to fight recklessly!
You are too injured to fight recklessly!
You slash the slime creature! You headbutt the slime creature!!
The slime creature is almost dead.
You slash the slime creature! You hit the slime creature.
The slime creature closely misses you. You furiously retaliate!
You headbutt the slime creature!
Two slime creatures merge to form a large slime creature.
The slime creature hits you!
You die...

#. ....# ###.
#...# #.... #...#
#.... #...# ###
#.....#...# ..<#
###...#...##...##
......†..........
......J@........$
...._.JJ.........
.......(.<.......
........$........
.................
....!........$...
#...........#####
#...........#
##.........#


You could see a large slime creature and 2 slime creatures.

Vanquished Creatures
  Pikel (D:5)
  A hill giant (D:8)
  A troll (D:9)
  2 hippogriffs
  Sigmund (D:6)
  A wyvern (D:8)
  The ghost of Naow the Chopper, an amateur MiBe of Trog (D:4)
  A hungry ghost (D:7)
  Menkaure (D:5)
  2 wargs (D:8)
  3 orc warriors (D:8)
  4 sky beasts
  2 slaves (D:5)
  A black bear (D:6)
  4 ice beasts
  An ogre (D:8)
  3 centaurs
  A big kobold (D:8)
  A bullfrog (D:6)
  2 scorpions (D:8)
  4 crimson imps
  3 jellies
  12 orc priests
  3 hounds
  9 orc wizards
  3 iguanas
  Ijyb (D:3)
  2 centaur skeletons
  Natasha (twice) (D:2)
  5 worker ants
  A hound skeleton (D:7)
  10 adders
  3 gnolls (D:7)
  2 shadow imps
  An ooze (D:2)
  3 worms (D:2)
  3 dart slugs
  4 leopard geckos
  44 orcs
  A ball python (D:4)
  5 giant cockroaches
  7 goblins
  13 hobgoblins
  24 jackals
  13 kobolds
  4 quokkas
  6 bats
  7 frilled lizards
  2 jackal skeletons (D:5)
  A leopard gecko skeleton (D:5)
  2 leopard gecko zombies
  8 rats
242 creatures vanquished.

Vanquished Creatures (others)
  A slave (D:5)
  2 orc wizards (D:5)
  2 orcs (D:5)
5 creatures vanquished.

Grand Total: 247 creatures vanquished

Notes
Turn   | Place    | Note
-------+----------+-------------------------------------------
     0 | D:1      | Naow the Minotaur Berserker began the quest for the Orb.
     0 | D:1      | Reached XP level 1. HP: 19/19 MP: 0/0
    89 | D:1      | Reached XP level 2. HP: 19/27 MP: 1/1
   115 | D:1      | Reached skill level 4 in Axes
   507 | D:1      | Reached ** piety under Trog
   562 | D:1      | Reached XP level 3. HP: 33/33 MP: 2/2
   952 | D:2      | Reached skill level 5 in Axes
  1441 | D:2      | Reached XP level 4. HP: 34/40 MP: 3/3
  1535 | D:2      | Noticed Natasha
  1544 | D:2      | Killed Natasha
  1544 | D:2      | Reached skill level 6 in Axes
  1831 | D:2      | Reached *** piety under Trog
  1948 | D:2      | Reached XP level 5. HP: 42/46 MP: 4/4
  1971 | D:2      | Noticed Natasha
  1986 | D:2      | Killed Natasha
  1986 | D:2      | Reached skill level 7 in Axes
  2436 | D:3      | Noticed Ijyb
  2443 | D:3      | Killed Ijyb
  2443 | D:3      | Reached skill level 8 in Axes
  2443 | D:3      | Reached XP level 6. HP: 52/52 MP: 5/5
  2538 | D:3      | Found a sparkling altar of Nemelex Xobeh.
  3139 | D:4      | Noticed Naow's ghost (amateur MiBe)
  3151 | D:4      | Killed Naow's ghost
  3151 | D:4      | Reached skill level 9 in Axes
  3251 | D:4      | Reached XP level 7. HP: 58/58 MP: 6/6
  3492 | D:4      | Reached skill level 10 in Axes
  3865 | D:4      | Got a pitted leather armour
  3890 | D:4      | Identified the cursed +0 leather armour "Mojes" {rF+ rN+ rCorr Int+3} (You found it on level 4 of the Dungeon)
  3934 | D:4      | Reached **** piety under Trog
  3951 | D:4      | Received a gift from Trog
  4261 | D:5      | Entered Level 5 of the Dungeon
  4392 | D:5      | Found a basalt altar of Yredelemnul.
  4527 | D:5      | Noticed Menkaure
  4534 | D:5      | Killed Menkaure
  4534 | D:5      | Reached skill level 11 in Axes
  4599 | D:5      | Noticed Pikel
  4602 | D:5      | Found Palucronk's Antique Armour Shoppe.
  4612 | D:5      | Killed Pikel
  4612 | D:5      | Reached skill level 12 in Axes
  4612 | D:5      | Reached XP level 8. HP: 6/66 MP: 7/7
  4906 | D:5      | Bought a runed cloak for 117 gold pieces
  5417 | D:6      | Found a staircase to the Ecumenical Temple.
  5426 | D:6      | Reached skill level 13 in Axes
  5442 | D:6      | Noticed Sigmund
  5454 | D:6      | Killed Sigmund
  5589 | D:6      | Got a distressingly furry buckler
  5595 | D:6      | Identified the +0 buckler "Koosolul" {rF+ Dex+3} (You found it on level 6 of the Dungeon)
  5606 | D:6      | Reached XP level 9. HP: 71/71 MP: 8/8
  5669 | D:6      | Reached skill level 14 in Axes
  5740 | Temple   | Entered the Ecumenical Temple
  6491 | D:7      | Reached skill level 15 in Axes
  6734 | D:8      | Found a staircase to the Lair.
  6739 | D:8      | Received a gift from Trog
  6739 | D:8      | Reached skill level 16 in Axes
  7302 | D:8      | Reached ***** piety under Trog
  7670 | D:8      | Reached XP level 10. HP: 53/78 MP: 9/9
  8701 | D:8      | Noticed a hill giant
  8711 | D:8      | Killed a hill giant
  8711 | D:8      | Reached skill level 17 in Axes
  9149 | D:9      | Found a shimmering altar of Xom.
  9160 | D:9      | Slain by a slime creature

Vault maps used:
D:1:      kilobyte_arrival_exit_the_forest
D:2:      uniq_natasha
D:3:      first_bread, nemelex_lonely_heart_becter, uniq_iyjb
D:4:      hangedman_decor_peaks_small
D:5:      serial_curves, eino_curves_02, eino_curves_02, eino_curves_03,
          serial_shops, nicolae_shop_trees, basic_altar, uniq_menkaure,
          uniq_pikel
D:6:      grunt_decor_cap, uniq_sigmund
D:8:      nicolae_whirlpool, erik_lair_orcish_takeover
D:9:      basic_altar, uniq_erica
Temple:   roderic_octagonal_lattice_temple

Skill      XL: |  1  2  3  4  5  6  7  8  9 10 |
---------------+-------------------------------+-----
Axes           | 4 5 6 8 9 12 13 16 17 | 17.5
Fighting       | |  3.9
Armour         | |  2.6
Dodging        | |  2.1

Action                   |  1- 3 |  4- 6 |  7- 9 | 10-12 || total
-------------------------+-------+-------+-------+-------++-------
Melee: Hand axe          |    81 |   173 |   260 |    77 ||   591
       Headbutt          |    13 |    31 |    42 |    22 ||   108
Invok: Berserk           |     1 |     3 |     3 |     3 ||    10
       Trog's Hand       |       |     3 |     2 |       ||     5
 Stab: Sleeping          |       |     1 |       |       ||     1
  Eat: Chunk             |     3 |    10 |    19 |     6 ||    38
       Beef jerky        |       |       |       |     1 ||     1
Armor: Animal skin       |    20 |    39 |     3 |       ||    62
       Leather armour    |       |       |    61 |    11 ||    72
Dodge: Dodged            |    61 |    97 |    89 |    25 ||   272
Block: Buckler           |       |       |    19 |     4 ||    23
